 Dungeon Crawl Stone Soup version 0.30-a0-585-g93115170b9 (webtiles) character file.

Game seed: 5157173260858715808

271821 wormed the Spry (level 20, -17/163 HPs)
             Began as a Gnoll Monk on Jan 2, 2023.
             Was the Champion of Cheibriados.
             Killed from afar by a deep elf annihilator (57 damage)
             ... with a crystal spear
             ... on level 3 of the Elven Halls.
             The game lasted 01:43:20 (41454 turns).

wormed the Spry (Gnoll Monk)                       Turns: 41454, Time: 01:43:21

Health: -17/163    AC: 30    Str: 36    XL:     20   Next: 24%
Magic:  6/38       EV: 26    Int: 32    God:    Cheibriados [******]
Gold:   1003       SH: 34    Dex: 36    Spells: 12/47 levels left

rFire   + . .      SeeInvis .    K - +8 demon trident (elec)
rCold   + . .      Faith    .    d - +10 tower shield of Ignorance {rN+ Int-4}
rNeg    + . .      Spirit   .    s - +4 chain mail of the Turtle {Int+4}
rPois   .          Reflect  .    Y - +2 helmet "Feyleyh" {rC+ Will+ Str+3 Stlth+}
rElec   .          Harm     .    k - +2 cloak {Will+}
rCorr   .          Rampage  .    j - +1 pair of gloves
Will    ++++.                    e - +2 pair of boots {Stlth+}
Stlth   ++++++                   v - amulet of magic regeneration
HPRegen 0.47/turn                y - +6 ring of strength
MPRegen 0.66/turn                Z - ring "Foink" {rF+ Will+ Int+6}

@: very slow
A: fangs 1, strong nose, distributed training
}: 2/15 runes: serpentine, barnacled
a: Renounce Religion, Bend Time, Temporal Distortion, Slouch, Step From Time


You were on level 3 of the Elven Halls.
You worshipped Cheibriados.
Cheibriados was exalted by your worship.
You visited 7 branches of the dungeon, and saw 34 of its levels.

You collected 3983 gold pieces.
You spent 2980 gold pieces at shops.

Inventory:

Hand Weapons
 w - the +5 trident "Puokaf" {flame, MP+9 Dex+5 Stlth+}
   (You found it on level 5 of the Dungeon)

   It burns those it strikes, dealing additional fire damage.
   Dex:       It affects your dexterity (+5).
   MP:        It affects your magic capacity (+9).
   Stlth:     It makes you more stealthy.
 K - a +8 demon trident of electrocution (weapon)
 N - the +11 flail "Vyneabon" {pain, +Blink rElec Str-3}
   (You bought it in a shop on level 1 of the Snake Pit)

   In the hands of one skilled in necromantic magic, it inflicts extra damage on
   living creatures.
   Str:       It affects your strength (-3).
   rElec:     It insulates you from electricity.
   +Blink:    It lets you blink.
 W - the +8 short sword of Responsibility {flame, rF- Str+5 Int+9 Dex-3}
   (You found it on level 14 of the Dungeon)

   It burns those it strikes, dealing additional fire damage.
   Str:       It affects your strength (+5).
   Int:       It affects your intelligence (+9).
   Dex:       It affects your dexterity (-3).
   rF:        It makes you vulnerable to fire.
Missiles
 x - 10 throwing nets (quivered)
 J - 15 javelins
 O - 5 silver javelins
Armour
 d - the +10 tower shield of Ignorance (worn) {rN+ Int-4}
   (You found it on level 3 of the Snake Pit)

   Int:       It affects your intelligence (-4).
   rN:        It protects you from negative energy.
 e - a +2 pair of boots of stealth (worn)
 j - a +1 pair of gloves (worn)
 k - a +2 cloak of willpower (worn)
 s - the +4 chain mail of the Turtle (worn) {Int+4}
   (You bought it in a shop on level 2 of the Orcish Mines)

   Int:       It affects your intelligence (+4).
 Y - the +2 helmet "Feyleyh" (worn) {rC+ Will+ Str+3 Stlth+}
   (You bought it in a shop on level 1 of the Snake Pit)

   Str:       It affects your strength (+3).
   rC:        It protects you from cold.
   Will:      It increases your willpower.
   Stlth:     It makes you more stealthy.
Jewellery
 v - an amulet of magic regeneration (around neck)
 y - a +6 ring of strength (left hand)
 C - a +4 ring of protection
 G - a ring of positive energy
 Q - a ring of protection from cold
 R - a ring of resist corrosion
 Z - the ring "Foink" (right hand) {rF+ Will+ Int+6}
   (You found it on level 1 of the Snake Pit)

   [ring of protection from fire]

   Int:       It affects your intelligence (+6).
   rF:        It protects you from fire.
   Will:      It increases your willpower.
Wands
 u - a wand of light (22)
 A - a wand of digging (14)
 H - a wand of mindburst (26)
 I - a wand of roots (23)
 L - a wand of polymorph (3)
 U - a wand of charming (15)
 V - a wand of flame (29)
Scrolls
 c - 7 scrolls of vulnerability
 f - 2 scrolls of blinking
 g - 7 scrolls of amnesia
 n - a scroll of torment
 o - 11 scrolls of fog
 q - a scroll of silence
 E - 11 scrolls of identify
 F - 4 scrolls of poison
 S - 4 scrolls of fear
 T - 5 scrolls of enchant armour
 X - a scroll of magic mapping
Potions
 a - 3 potions of invisibility
 b - 7 potions of flight
 i - 7 potions of curing
 l - 7 potions of brilliance
 m - 5 potions of attraction
 p - 9 potions of mutation
 t - a potion of cancellation {unknown}
 z - 3 potions of ambrosia
 B - a potion of berserk rage
 D - 5 potions of might
 M - a potion of heal wounds
 P - 4 potions of magic
Miscellaneous
 h - a phantom mirror
 r - a condenser vane


   Skills:
 + Level 15.4 Fighting
 + Level 14.1 Short Blades
 + Level 15.4 Long Blades
 + Level 14.1 Axes
 + Level 14.1 Maces & Flails
 + Level 14.1 Polearms
 + Level 14.1 Staves
 + Level 14.1 Ranged Weapons
 + Level 14.1 Throwing
 + Level 14.1 Armour
 + Level 15.4 Dodging
 + Level 14.6 Stealth
 + Level 14.1 Shields
 + Level 14.1 Unarmed Combat
 + Level 14.1 Spellcasting
 + Level 11.9 Conjurations
 + Level 11.9 Hexes
 + Level 11.9 Summonings
 + Level 11.9 Necromancy
 + Level 11.9 Translocations
 + Level 11.9 Transmutations
 + Level 11.9 Fire Magic
 + Level 11.9 Ice Magic
 + Level 11.9 Air Magic
 + Level 11.9 Earth Magic
 + Level 11.9 Poison Magic
 + Level 15.2 Invocations
 + Level 14.1 Evocations


You had 12 spell levels left.
You knew the following spells:

 Your Spells              Type           Power      Damage    Failure   Level
a - Fireball              Conj/Fire      39%        3d16      4%          5
b - Frozen Ramparts       Ice            100%       1d16      1%          3
c - Borgnjor's Vile Clut  Necr/Erth      39%        N/A       4%          5
d - Manifold Assault      Tloc           78%        N/A       1%          4
e - Hailstorm             Conj/Ice       78%        3d16      1%          3
f - Blink                 Tloc           100%       N/A       1%          2
g - Lee's Rapid Deconstr  Erth           39%        3d19*     4%          5
h - Iskenderun's Mystic   Conj/Tloc      78%        2d16      1%          4
i - Passage of Golubria   Tloc           78%        N/A       1%          4

Your spell library contained the following spells:

 Spells                   Type           Power      Damage    Failure   Level
 Apportation              Tloc           100%       N/A       1%          1
 Kiss of Death            Conj/Necr      100%       2d13      1%          1
 Magic Dart               Conj           100%       1d8       1%          1
 Necrotise                Necr           100%       1d9       1%          1
 Shock                    Conj/Air       100%       1d9       1%          1
 Slow                     Hex            100%       N/A       1%          1
 Summon Small Mammal      Summ           100%       N/A       1%          1
 Scorch                   Fire           100%       2d10      1%          2
 Searing Ray              Conj           100%       2d8       1%          2
 Confusing Touch          Hex            78%        N/A       1%          3
 Dazzling Flash           Conj/Hex       100%       N/A       1%          3
 Kindle Blastsparks       Fire/Tloc/Air  100%       2d18      1%          3
 Portal Projectile        Hex/Tloc       100%       N/A       1%          3
 Swiftness                Air            78%        N/A       1%          3
 Tukima's Dance           Hex            78%        N/A       1%          3
 Vampiric Draining        Necr           78%        2d11      1%          3
 Airstrike                Air            39%        2d(6-22)  1%          4
 Animate Dead             Necr           78%        N/A       1%          4
 Dispel Undead            Necr           78%        3d26      1%          4
 Flame Wave               Conj/Fire      78%        2d17      1%          4
 Fulminant Prism          Conj/Hex       39%        3d17      1%          4
 Ice Form                 Ice/Tmut       78%        N/A       1%          4
 Summon Ice Beast         Ice/Summ       78%        N/A       1%          4
 Alistair's Intoxication  Tmut/Pois      52%        N/A       4%          5
 Blade Hands              Tmut           39%        N/A       4%          5
 Iskenderun's Battlesphe  Conj           78%        2d13      4%          5
 Yara's Violent Unravell  Hex/Tmut       39%        3d16      4%          5
 Conjure Ball Lightning   Conj/Air       39%        3x3d14    24%         6
 Death Channel            Necr           39%        N/A       24%         6
 Eringya's Noxious Bog    Tmut/Pois      39%        N/A       24%         6
 Simulacrum               Ice/Necr       39%        N/A       24%         6
 Starburst                Conj/Fire      39%        6d11      24%         6
 Summon Cactus Giant      Summ           39%        N/A       24%         6
 Haunt                    Necr/Summ      39%        N/A       80%         7
 Orb of Destruction       Conj           39%        9d11      80%         7
 Storm Form               Tmut/Air       39%        N/A       80%         7
 Borgnjor's Revivificati  Necr           39%        N/A       100%        8
 Infestation              Necr           39%        N/A       100%        8
 Necromutation            Tmut/Necr      39%        N/A       100%        8
 Death's Door             Necr           39%        N/A       100%        9


Dungeon Overview and Level Annotations

Branches:
Dungeon (15/15)            Temple (1/1) D:4            Lair (5/5) D:10
 Shoals (4/4) Lair:3        Snake (4/4) Lair:3        Slime (0/5) Lair:4
    Orc (2/2) D:11            Elf (3/3) Orc:2        Vaults (0/5) D:14
 Depths (0/4) D:15

Altars:
Ashenzari
Cheibriados
Dithmenos
Elyvilon
Fedhas
Gozag
Hepliaklqana
Kikubaaqudgha
Makhleb
Nemelex Xobeh
Okawaru
Qazlal
Ru
Sif Muna
Trog
Uskayaw
Vehumet
Wu Jian
Xom
Yredelemnul
Zin
The Shining One
Jiyva

Shops:
D:3 !   D:7 (   D:12 *   Orc:2 [*[*   Shoals:1 (   Shoals:3 (   Snake:1 [[[*
Snake:2 :   Snake:4 =

Annotations:
D:8 bigduke15's ghost, journeyman MiFi


Innate Abilities, Weirdness & Mutations

You have very sharp teeth.
Your uncanny sense of smell can sniff out nearby items.
Your experience applies equally to all skills.


Message History

You block the iron shot.
The +6 long sword of holy wrath completely misses you.
Casting: Manifold Assault (mildly dangerous; 1% risk of failure)
Confirm with . or Enter, or press ? or * to list all spells.
Space momentarily warps into an impossible shape!
You puncture the deep elf annihilator!
You stick the +6 long sword of holy wrath like a pincushion!!!
The +6 long sword of holy wrath falls from the air.
Cheibriados thoroughly appreciates the change of pace.
You impale the deep elf annihilator!!
You closely miss the deep elf annihilator.
The zombie hands constrict the deep elf annihilator.
The deep elf annihilator casts a spell at you.
The crystal spear misses you.
The deep elf annihilator struggles to escape constriction.
The deep elf annihilator gestures wildly while chanting.
The deep elf annihilator blinks!
Casting: Manifold Assault (mildly dangerous; 1% risk of failure)
Confirm with . or Enter, or press ? or * to list all spells.
Space momentarily warps into an impossible shape!
You puncture the deep elf annihilator! x2
Lightning courses through the deep elf annihilator!
You kill the deep elf annihilator!
Cheibriados appreciates the change of pace.
You hit the deep elf annihilator.
You stick the deep elf annihilator like a pincushion!!!
The zombie hands constrict the deep elf annihilator!
You hear a shout!
The deep elf annihilator gestures at you while chanting.
The bolt of lightning hits you!!
* * * LOW HITPOINT WARNING * * *
The deep elf annihilator casts a spell.
The deep elf annihilator struggles to blink free from constriction.
You closely miss the deep elf annihilator.
Your bite misses the deep elf annihilator.
The deep elf annihilator is almost dead.
The zombie hands constrict the deep elf annihilator!
The deep elf annihilator points at you and mumbles some strange words.
The crystal spear hits you!!!
You die...

##..###.#. #....#.#.# #
#.....#.# # #......# .. # ###.#
#......## .. .## .##.#
#.(..##.## .. ...#
..#.####....###.#########.##....
.............).)).......#..°E☼..
..#.####.#.####.@e...####○e....#
.##.###.##.# #.))).e.###....°#
###.##.###.# ###..§)........##
###.#.## #.# #...............
.....## #.# ##......#..#####
.....# #.# ###.e.##..... .....#
#.# ###..####.. .....# #.# ..#
.. .....# ##.# #


You could see 3 deep elf annihilators.

Vanquished Creatures
  Mlioglotl (Shoals:4)
  Polyphemus (Shoals:3)
  A deep elf blademaster (Elf:2)
  The ghost of Ehoarro the Peltast, an adept MiFi of the Shining One (Snake:1)
  The ghost of bakla the Brawler, a journeyman TrEE of Wu Jian (Elf:2)
  Ilsuiw (Shoals:3)
  5 nagarajas
  2 deep elf sorcerers (Elf:3)
  Aizul (Elf:3)
  A deep elf elementalist (Elf:3)
  Nessos (D:14)
  A deep elf annihilator (Elf:3)
  2 deep elf death magi
  A fire dragon (Lair:5)
  7 merfolk javelineers
  7 merfolk impalers
  Harold (Orc:1)
  A rakshasa (D:14)
  A vault guard (D:14)
  Fannar (Lair:1)
  A salamander tyrant (Snake:4)
  9 hydras
  5 merfolk avatars
  5 anacondas
  4 alligator snapping turtles
  The ghost of gelatine the Arsonist, a journeyman DsFE (Lair:1)
  Erica (D:10)
  A centaur warrior (D:15)
  5 two-headed ogres
  A catoblepas (Shoals:4)
  8 merfolk aquamancers (Shoals:4)
  21 naga warriors
  3 boulder beetles
  A satyr (Shoals:4)
  9 death yaks
  19 dancing weapons
  2 tengu warriors (D:14)
  11 orc high priests
  4 spriggan berserkers (D:15)
  7 shock serpents
  17 naga sharpshooters
  15 deep elf knights
  2 salamander mystics (Snake:4)
  4 skeletal warriors (D:12)
  Lodul (D:14)
  16 sea snakes
  A wizard (D:15)
  A swamp dragon (Lair:5)
  40 harpies
  6 naga ritualists
  8 deep elf archers
  24 deep elf pyromancers
  A necromancer (D:15)
  14 manticores
  A phantasmal warrior (Lair:2)
  18 deep elf zephyrmancers
  25 fauns
  A wolf spider zombie (D:15)
  14 mana vipers
  9 cyclopes
  A faun (shapeshifter) (Elf:2)
  5 ugly things
  7 salamanders
  3 orc sorcerers
  11 merfolk sirens
  3 guardian serpents
  Joseph (D:7)
  4 water nymphs
  5 elephants (Lair:5)
  6 slime creatures
  39 black mambas
  22 naga magi
  2 centaur skeletons (D:15)
  A torpor snail (Lair:1)
  A kobold demonologist (D:11)
  A yaktaur (shapeshifter) (D:12)
  7 rime drakes
  12 cane toads
  An unseen horror (D:11)
  2 freezing wraiths
  5 yaktaurs (D:15)
  6 komodo dragons
  2 tengu conjurers (D:13)
  34 merfolk
  2 trolls (Orc:2)
  A queen bee (Lair:2)
  Prince Ribbit (D:9)
  8 wind drakes
  A tarantella (shapeshifter) (D:13)
  13 polar bears
  2 hornets
  6 blink frogs
  A raiju (Lair:5)
  Grinder (D:3)
  8 snapping turtles
  9 dream sheep
  3 air elementals
  3 shadows
  5 wraiths
  3 vampires
  8 wyverns
  15 water elementals
  47 yaks
  A fire elemental (Elf:2)
  A human (Lair:2)
  12 basilisks
  A human (shapeshifter) (Elf:1)
  5 steam dragons
  13 vampire mosquitoes
  9 wargs
  17 water moccasins
  16 hell hounds (Lair:5)
  46 nagas
  4 acid dragons
  An ice beast (D:6)
  2 hornet zombies
  3 swamp drakes (Lair:5)
  12 black bears
  3 sky beasts (D:8)
  16 orc warriors
  5 boggarts (D:14)
  12 ogres
  16 wolves
  4 centaurs
  2 phantoms (D:6)
  18 bullfrogs
  A kobold brigand (D:7)
  A gnoll sergeant (D:12)
  2 scorpions
  A water moccasin zombie (D:6)
  6 earth elementals
  2 necrophages
  2 wyvern skeletons (D:6)
  18 killer bees
  3 howler monkeys
  6 electric eels (D:13)
  3 centaur zombies
  A bullfrog zombie (D:6)
  5 hounds
  A jelly (D:5)
  Crazy Yiuf (D:2)
  An iron imp (D:13)
  37 orc priests
  16 orc wizards
  Terence (D:2)
  7 hell rats (Lair:4)
  4 iguanas
  Natasha (thrice) (D:2)
  6 gnolls
  3 adders (D:3)
  A shadow imp (D:6)
  4 dart slugs
  92 orcs
  5 ball pythons
  2 endoplasms
  4 giant cockroaches
  7 goblins
  5 hobgoblins
  9 kobolds
  3 quokkas
  5 bats
  3 rats
1182 creatures vanquished.

Vanquished Creatures (others)
  A deep elf knight (Elf:2)
  A deep elf zephyrmancer (Elf:3)
  A deep elf pyromancer (Elf:3)
  A water elemental (Shoals:4)
  A basilisk (Lair:5)
  An orc wizard (D:7)
  28 fungi
  109 plants
143 creatures vanquished.

Grand Total: 1325 creatures vanquished

Notes
Turn   | Place    | Note
-------+----------+-------------------------------------------
     0 | D:1      | wormed the Gnoll Monk began the quest for the Orb.
     0 | D:1      | Reached XP level 1. HP: 23/23 MP: 1/1
   198 | D:1      | Reached XP level 2. HP: 29/29 MP: 2/2
   517 | D:2      | Noticed Natasha
   518 | D:2      | Identified the +3 leather armour of Pohe Dauho {Drain +Inv
                  | rC+}
   539 | D:2      | Noticed a crimson imp
   546 | D:2      | Killed Natasha
   547 | D:2      | Reached skill level 1 in Short Blades
   547 | D:2      | Reached skill level 1 in Axes
   547 | D:2      | Reached skill level 1 in Maces & Flails
   547 | D:2      | Reached skill level 1 in Polearms
   547 | D:2      | Reached skill level 1 in Staves
   547 | D:2      | Reached skill level 1 in Ranged Weapons
   547 | D:2      | Reached skill level 1 in Throwing
   547 | D:2      | Reached skill level 1 in Armour
   547 | D:2      | Reached skill level 1 in Shields
   547 | D:2      | Reached skill level 1 in Unarmed Combat
   547 | D:2      | Reached skill level 1 in Spellcasting
   547 | D:2      | Reached skill level 1 in Invocations
   547 | D:2      | Reached skill level 1 in Evocations
   547 | D:2      | Reached XP level 3. HP: 7/35 MP: 2/4
   821 | D:2      | Found a runed translucent door.
   822 | D:2      | Noticed Crazy Yiuf
  1075 | D:2      | Noticed Natasha
  1080 | D:2      | Noticed Terence
  1127 | D:3      | Reached skill level 1 in Conjurations
  1127 | D:3      | Reached skill level 1 in Hexes
  1127 | D:3      | Reached skill level 1 in Summonings
  1127 | D:3      | Reached skill level 1 in Necromancy
  1127 | D:3      | Reached skill level 1 in Translocations
  1127 | D:3      | Reached skill level 1 in Transmutations
  1127 | D:3      | Reached skill level 1 in Fire Magic
  1127 | D:3      | Reached skill level 1 in Ice Magic
  1127 | D:3      | Reached skill level 1 in Air Magic
  1127 | D:3      | Reached skill level 1 in Earth Magic
  1127 | D:3      | Reached skill level 1 in Poison Magic
  1127 | D:3      | Reached XP level 4. HP: 41/41 MP: 5/5
  1240 | D:3      | Noticed Grinder
  1256 | D:3      | Found a faded altar of an unknown god.
  1463 | D:3      | Reached XP level 5. HP: 38/47 MP: 5/7
  1569 | D:4      | Found a staircase to the Ecumenical Temple.
  1581 | Temple   | Entered the Ecumenical Temple
  1859 | Temple   | Became a worshipper of Cheibriados the Contemplative
  1859 | Temple   | Reached * piety under Cheibriados
  1859 | Temple   | Reached ** piety under Cheibriados
  2059 | D:4      | Found a sparkling altar of Nemelex Xobeh.
  2084 | D:4      | Reached XP level 6. HP: 48/53 MP: 8/8
  2793 | D:3      | Found Yckior's Distillery.
  2861 | D:3      | Killed Grinder
  2862 | D:3      | Reached XP level 7. HP: 32/60 MP: 10/10
  3200 | D:2      | Killed Natasha
  3455 | D:2      | Killed Terence
  3464 | D:2      | Noticed Natasha
  3474 | D:2      | Killed Natasha
  3625 | D:2      | Killed Crazy Yiuf
  4047 | D:4      | Reached skill level 5 in Stealth
  4102 | D:4      | Found a sacrificial altar of Ru.
  4369 | D:4      | Reached *** piety under Cheibriados
  4439 | D:4      | Found an ornate altar of the Wu Jian Council.
  4450 | D:4      | Found a shimmering blue altar of Sif Muna.
  4536 | D:5      | Entered Level 5 of the Dungeon
  4930 | D:5      | Reached XP level 8. HP: 51/67 MP: 12/12
  5286 | D:5      | Identified the +5 trident "Puokaf" {flame, MP+9 Dex+5
                  | Stlth+}
  5699 | D:5      | You fall into a shaft and drop 1 floor!
  5962 | D:6      | Reached **** piety under Cheibriados
  5963 | D:6      | Reached XP level 9. HP: 41/73 MP: 15/15
  6385 | D:7      | Noticed a hornet
  6580 | D:7      | Found Qyesis's Antique Weapon Shoppe.
  6900 | D:7      | Killed a hornet
  7403 | D:7      | Noticed Joseph
  7414 | D:7      | Killed Joseph
  7415 | D:7      | Reached skill level 5 in Invocations
  8167 | D:8      | Reached skill level 5 in Short Blades
  8167 | D:8      | Reached skill level 5 in Axes
  8167 | D:8      | Reached skill level 5 in Maces & Flails
  8167 | D:8      | Reached skill level 5 in Polearms
  8167 | D:8      | Reached skill level 5 in Staves
  8167 | D:8      | Reached skill level 5 in Ranged Weapons
  8167 | D:8      | Reached skill level 5 in Throwing
  8167 | D:8      | Reached skill level 5 in Armour
  8167 | D:8      | Reached skill level 5 in Shields
  8167 | D:8      | Reached skill level 5 in Unarmed Combat
  8167 | D:8      | Reached skill level 5 in Spellcasting
  8167 | D:8      | Reached skill level 5 in Evocations
  8167 | D:8      | Reached XP level 10. HP: 81/81 MP: 17/17
  8685 | D:8      | Found a runed translucent gate.
  8686 | D:8      | Found a runed translucent gate.
  8687 | D:8      | Noticed bigduke15's ghost (journeyman MiFi)
  8688 | D:8      | Found a runed translucent gate.
  8688 | D:8      | Noticed a ten-headed hydra
  9213 | D:9      | Noticed Prince Ribbit
  9218 | D:9      | Reached ***** piety under Cheibriados
  9236 | D:9      | Killed Prince Ribbit
  9897 | D:9      | Noticed a two-headed ogre
  9907 | D:9      | Killed a two-headed ogre
  9908 | D:9      | Reached skill level 5 in Conjurations
  9908 | D:9      | Reached skill level 5 in Hexes
  9908 | D:9      | Reached skill level 5 in Summonings
  9908 | D:9      | Reached skill level 5 in Necromancy
  9908 | D:9      | Reached skill level 5 in Translocations
  9908 | D:9      | Reached skill level 5 in Transmutations
  9908 | D:9      | Reached skill level 5 in Fire Magic
  9908 | D:9      | Reached skill level 5 in Ice Magic
  9908 | D:9      | Reached skill level 5 in Air Magic
  9908 | D:9      | Reached skill level 5 in Earth Magic
  9908 | D:9      | Reached skill level 5 in Poison Magic
  9908 | D:9      | Reached XP level 11. HP: 89/89 MP: 20/20
 10178 | D:10     | Entered Level 10 of the Dungeon
 10515 | D:10     | Noticed a two-headed ogre
 10515 | D:10     | Noticed Erica
 10531 | D:10     | Killed Erica
 10533 | D:10     | Noticed a two-headed ogre
 10540 | D:10     | Killed a two-headed ogre
 10752 | D:10     | Found a staircase to the Lair.
 10893 | D:10     | Killed a two-headed ogre
 11144 | Lair:1   | Entered Level 1 of the Lair of Beasts
 11561 | Lair:1   | Noticed Fannar
 11746 | Lair:1   | Killed Fannar
 11747 | Lair:1   | Reached XP level 12. HP: 59/97 MP: 22/22
 11984 | Lair:1   | Learned a level 3 spell: Frozen Ramparts
 11988 | Lair:1   | Learned a level 3 spell: Hailstorm
 12011 | Lair:1   | Found a transporter.
 12078 | Lair:1   | Found a transporter.
 12078 | Lair:1   | Noticed gelatine's ghost (journeyman DsFE)
 12225 | Lair:2   | Noticed an eight-headed hydra
 12232 | Lair:2   | Killed an eight-headed hydra
 12404 | Lair:2   | Reached ****** piety under Cheibriados
 12410 | Lair:2   | Reached skill level 10 in Fighting
 12410 | Lair:2   | Reached skill level 10 in Long Blades
 12410 | Lair:2   | Reached skill level 10 in Dodging
 13128 | Lair:2   | Found a runed translucent door.
 13213 | Lair:2   | Noticed a six-headed hydra
 13220 | Lair:2   | Learned a level 5 spell: Lee's Rapid Deconstruction
 13226 | Lair:2   | Killed a six-headed hydra
 13726 | Lair:3   | Noticed a seven-headed hydra
 13732 | Lair:3   | Killed a seven-headed hydra
 13845 | Lair:3   | Found a staircase to the Snake Pit.
 13861 | Lair:3   | Reached XP level 13. HP: 96/104 MP: 25/25
 13966 | Lair:3   | Found a staircase to the Shoals.
 14854 | Lair:4   | Found a staircase to the Slime Pits.
 14855 | Lair:4   | Found a viscous altar of Jiyva.
 15211 | Lair:4   | You fall into a shaft and drop 1 floor!
 15211 | Lair:5   | Entered Level 5 of the Lair of Beasts
 15518 | Lair:5   | Reached skill level 10 in Stealth
 15629 | Lair:5   | Reached XP level 14. HP: 59/113 MP: 27/27
 15634 | Lair:5   | Reached skill level 10 in Invocations
 15694 | Lair:5   | Learned a level 5 spell: Borgnjor's Vile Clutch
 16276 | Lair:5   | Learned a level 4 spell: Iskenderun's Mystic Blast
 18310 | Lair:1   | Killed gelatine's ghost
 18994 | D:11     | Found a staircase to the Orcish Mines.
 19050 | D:11     | Found a hazy altar of Hepliaklqana.
 19244 | D:12     | Reached skill level 10 in Short Blades
 19244 | D:12     | Reached skill level 10 in Axes
 19244 | D:12     | Reached skill level 10 in Maces & Flails
 19244 | D:12     | Reached skill level 10 in Polearms
 19244 | D:12     | Reached skill level 10 in Staves
 19244 | D:12     | Reached skill level 10 in Ranged Weapons
 19244 | D:12     | Reached skill level 10 in Throwing
 19244 | D:12     | Reached skill level 10 in Armour
 19244 | D:12     | Reached skill level 10 in Shields
 19244 | D:12     | Reached skill level 10 in Unarmed Combat
 19244 | D:12     | Reached skill level 10 in Spellcasting
 19244 | D:12     | Reached skill level 10 in Evocations
 19580 | D:12     | Reached XP level 15. HP: 99/120 MP: 29/29
 19672 | D:12     | Found Qarohocs's Blood Bar.
 20943 | D:13     | Found a snail-covered altar of Cheibriados.
 21816 | D:14     | Identified the +8 short sword of Responsibility {flame, rF-
                  | Str+5 Int+9 Dex-3}
 21833 | D:14     | Noticed Nessos
 21849 | D:14     | Killed Nessos
 22639 | D:14     | Noticed Lodul
 22646 | D:14     | Killed Lodul
 22718 | D:14     | Found a gate to the Vaults.
 22794 | D:15     | Entered Level 15 of the Dungeon
 22865 | D:15     | Found a staircase to the Depths.
 23325 | D:15     | Found the +8 Wrath of Trog {antimagic, *Rage Rampage}
 24133 | Orc:1    | Entered Level 1 of the Orcish Mines
 24187 | Orc:1    | Noticed Harold
 24193 | Orc:1    | Killed Harold
 24369 | Orc:2    | Entered Level 2 of the Orcish Mines
 24509 | Orc:2    | Found a staircase to the Elven Halls.
 24835 | Orc:2    | Reached XP level 16. HP: 106/129 MP: 19/30
 25200 | Orc:2    | Found Guerunwez's General Store.
 25200 | Orc:2    | Found Bagur's Armour Shoppe.
 25413 | Orc:2    | Bought an Inescapable Atlas for 544 gold pieces
 25416 | Orc:2    | Learned a level 2 spell: Blink
 25421 | Orc:2    | Learned a level 4 spell: Manifold Assault
 25505 | Orc:2    | Found Cynk's Assorted Antiques.
 25505 | Orc:2    | Found Leevoh's Antique Armour Shoppe.
 25691 | Orc:2    | Bought a steaming robe for 182 gold pieces
 25691 | Orc:2    | Identified the +1 robe of Noughts and Crosses {Contam Dex+8
                  | Slay-3 Stlth+} (You bought it in a shop on level 2 of the
                  | Orcish Mines)
 25691 | Orc:2    | Bought a scorched chain mail for 304 gold pieces
 25691 | Orc:2    | Identified the +4 chain mail of the Turtle {Int+4} (You
                  | bought it in a shop on level 2 of the Orcish Mines)
 25929 | Snake:1  | Entered Level 1 of the Snake Pit
 26103 | Snake:1  | Identified the ring "Foink" {rF+ Will+ Int+6}
 26542 | Snake:1  | Found a runed translucent door.
 26542 | Snake:1  | Found a shimmering altar of Xom.
 26542 | Snake:1  | Noticed Ehoarro's ghost (adept MiFi)
 26640 | Snake:1  | Found Ceonkeab's Antique Armour Shoppe.
 26686 | Snake:1  | Found Zejegug's Assorted Antiques.
 26686 | Snake:1  | Found Nynuly's Armour Shoppe.
 26689 | Snake:1  | Found Lorghif's Antique Armour Emporium.
 26711 | Snake:1  | Bought a pair of shimmering boots for 228 gold pieces
 26711 | Snake:1  | Identified the +1 pair of boots "Deeshru" {+Blink rC+
                  | Dex-5} (You bought it in a shop on level 1 of the Snake
                  | Pit)
 26737 | Snake:1  | Bought an encrusted hat for 279 gold pieces
 26737 | Snake:1  | Identified the +0 hat "Erinoupn" {Will+} (You bought it in
                  | a shop on level 1 of the Snake Pit)
 26739 | Snake:1  | Bought a warped helmet for 294 gold pieces
 26739 | Snake:1  | Identified the +4 helmet of Gehenna {rF+ rN+ Dex-3} (You
                  | bought it in a shop on level 1 of the Snake Pit)
 26739 | Snake:1  | Bought a jewelled helmet for 294 gold pieces
 26739 | Snake:1  | Identified the +2 helmet "Feyleyh" {rC+ Will+ Str+3 Stlth+}
                  | (You bought it in a shop on level 1 of the Snake Pit)
 27249 | Snake:1  | Killed Ehoarro's ghost
 27404 | Snake:1  | Identified a scroll of acquirement
 27405 | Snake:1  | Acquired 589 gold pieces
 27456 | Snake:1  | Bought a spiked chain mail for 294 gold pieces
 27456 | Snake:1  | Identified the +1 chain mail of Iciod {rPois MP-9 Dex+2}
                  | (You bought it in a shop on level 1 of the Snake Pit)
 28009 | Snake:1  | Bought an iridescent flail for 289 gold pieces
 28009 | Snake:1  | Identified the +11 flail "Vyneabon" {pain, +Blink rElec
                  | Str-3} (You bought it in a shop on level 1 of the Snake
                  | Pit)
 28113 | Snake:2  | Noticed a nagaraja
 28125 | Snake:2  | Killed a nagaraja
 28948 | Snake:2  | Reached XP level 17. HP: 137/137 MP: 32/32
 29094 | Snake:2  | Found Nant's Book Boutique.
 29164 | Snake:2  | Reached skill level 10 in Conjurations
 29164 | Snake:2  | Reached skill level 10 in Hexes
 29164 | Snake:2  | Reached skill level 10 in Summonings
 29164 | Snake:2  | Reached skill level 10 in Necromancy
 29164 | Snake:2  | Reached skill level 10 in Translocations
 29164 | Snake:2  | Reached skill level 10 in Transmutations
 29164 | Snake:2  | Reached skill level 10 in Fire Magic
 29164 | Snake:2  | Reached skill level 10 in Ice Magic
 29164 | Snake:2  | Reached skill level 10 in Air Magic
 29164 | Snake:2  | Reached skill level 10 in Earth Magic
 29164 | Snake:2  | Reached skill level 10 in Poison Magic
 29492 | Snake:3  | Found the +10 tower shield of Ignorance {rN+ Int-4}
 30150 | Snake:4  | Entered Level 4 of the Snake Pit
 30284 | Snake:4  | Found Vastoehu's Jewellery Shop.
 31521 | Snake:4  | Got a serpentine rune of Zot
 31912 | Shoals:1 | Entered Level 1 of the Shoals
 32539 | Shoals:1 | Learned a level 5 spell: Fireball
 32598 | Shoals:1 | Reached XP level 18. HP: 144/146 MP: 19/34
 32788 | Shoals:1 | Found Osouf's Weapon Shop.
 33657 | Shoals:2 | Found a flickering gateway to a bazaar.
 34409 | Shoals:3 | Noticed Ilsuiw
 34419 | Shoals:3 | Identified the +0 robe of Vehumet's Supremacy {Will- SInv
                  | Archmagi}
 34461 | Shoals:3 | Killed Ilsuiw
 34771 | Shoals:3 | Found Haruoneeroy's Antique Weapon Boutique.
 34780 | Shoals:3 | Bought a pitted flail for 272 gold pieces
 34780 | Shoals:3 | Identified the +10 flail of Kismet {flame, Will+} (You
                  | bought it in a shop on level 3 of the Shoals)
 34904 | Shoals:4 | Entered Level 4 of the Shoals
 35768 | Shoals:4 | Noticed Polyphemus
 35776 | Shoals:4 | Identified the +1 scale mail of the Maze {rPois Str+2
                  | Stlth+}
 36247 | Shoals:4 | Reached XP level 19. HP: 153/153 MP: 21/36
 36271 | Shoals:3 | Killed Polyphemus
 36759 | Shoals:4 | Noticed Mlioglotl
 36830 | Shoals:4 | Killed Mlioglotl
 37253 | Shoals:4 | Got a barnacled rune of Zot
 37895 | Elf:1    | Entered Level 1 of the Elven Halls
 38210 | Elf:1    | You fall into a shaft and drop 1 floor!
 38218 | Elf:2    | Found a runed translucent gate.
 38218 | Elf:2    | Found a runed translucent gate.
 38218 | Elf:2    | Found a runed translucent gate.
 38360 | Elf:2    | Reached skill level 15 in Fighting
 38360 | Elf:2    | Reached skill level 15 in Long Blades
 38360 | Elf:2    | Reached skill level 15 in Dodging
 38852 | Elf:2    | HP: 6/155 [something (2)]
 39327 | Elf:2    | Reached skill level 15 in Invocations
 39456 | Elf:1    | Paralysed by an air elemental for 1 turns
 39463 | Elf:1    | Paralysed by an air elemental for 1 turns
 40654 | Elf:2    | Learned a level 4 spell: Passage of Golubria
 40660 | Elf:2    | Reached XP level 20. HP: 162/162 MP: 37/37
 40981 | Elf:2    | Found a runed translucent door.
 40982 | Elf:2    | Noticed bakla's ghost (journeyman TrEE)
 41231 | Elf:2    | Killed bakla's ghost
 41249 | Elf:3    | Entered Level 3 of the Elven Halls
 41250 | Elf:3    | Noticed Aizul
 41264 | Elf:3    | Killed Aizul
 41454 | Elf:3    | Killed from afar by a deep elf annihilator

Illustrated notes

Levels and vault maps discovered:
D:1:      dpeg_arrival_chambers_temple_mockup, layout_rooms
D:2:      layout_loops_ring, uniq_terence, uniq_natasha, uniq_crazy_yiuf_cottage
D:3:      layout_basic, serial_shops, shop, shapermc_ecumenical_altar_venn,
          uniq_grinder
D:4:      layout_rooms, mainiacjoe_overflow_24_doors,
          nicolae_ru_the_path_less_chosen, amethyst_overflow_temple_binary,
          minmay_temple_entry_antechambers, hangedman_feature_mirror,
          minivault_11
D:5:      layout_basic, serial_bayou_pond_e
D:6:      layout_gridville, serial_undead, serial_undead_a, serial_undead_d,
          serial_undead_b, serial_undead_a
D:7:      layout_loops_corners, serial_shops, shop,
          chequers_serial_rivers_micro_a, chequers_serial_rivers_large_a,
          uniq_joseph
D:8:      layout_loops_ring, gammafunk_ghost_hydra_chop
D:9:      layout_rooms, uniq_prince_ribbit1
D:10:     layout_roguey, grunt_lair_entry_orc_guard_hut,
          kennysheep_generic_room_5, uniq_erica
D:11:     layout_rooms, orc_0_dummy, fountainhead,
          nicolae_hepliaklqana_hippocampus
D:12:     layout_loops_ring, guppyfry_shop_blood
D:13:     layout_basic, slow_altar_1
D:14:     layout_basic, david_vaults_5, uniq_lodul, uniq_nessos
D:15:     grunt_enter_depths_magical_seal, layout_irregular_city,
          minmay_guarded_unrand_wrath_of_trog
Temple:   hc_temple_tempest_star
Lair:1:   layout_regular_city, gammafunk_ghost_arena, uniq_fannar
Lair:2:   layout_roguey, special_room [special_room_bee],
          pdpol_lair_cabin_in_the_woods
Lair:3:   layout_roguey, elwin_shoals_entry_stream, nicolae_snake_entry_squirm
Lair:4:   layout_roguey [special_room_mythical_zoo], slime_entry_1,
          serial_rivers, chequers_serial_rivers_micro_b,
          chequers_serial_rivers_micro_a, chequers_serial_rivers_marsh,
          chequers_serial_rivers_micro_e, chequers_serial_rivers_micro_b
Lair:5:   guppyfry_lair_end_dragon, layout_hall_layers,
          hangedman_lair_caniforms_friends, serial_bayou_shore_b
Shoals:1: layout_shoals, nicolae_shoals_c_island
Shoals:2: layout_shoals, serial_shops, bzr_in_the_mist
Shoals:3: layout_shoals, serial_shops, nicolae_shop_crystal,
          nicolae_shoals_arrival_archipelago, uniq_ilsuiw
Shoals:4: shoals_end_hangedman, layout_shoals, shoals_ilsuiw_ice,
          uniq_polyphemus, uniq_mlioglotl
Snake:1:  layout_misc_corridors, ebering_ghost_xom, minmay_shoptagon
Snake:2:  cheibrodos_snake_ritualist_ritual, layout_layer_cave, serial_shops,
          nicolae_shop_behind_doors
Snake:3:  layout_misc_corridors
Snake:4:  snake_pit, layout_cave_town, minmay_shop_enchanted_jewellery,
          drop_trap
Orc:1:    layout_diamond_mine, uniq_harold
Orc:2:    st_orc_town, layout_caves
Elf:1:    nicolae_elf_arrival_no_cutting_in_line, layout_gridlike,
          portal_desolation_entry_ruin, hangedman_corner_corridor
Elf:2:    elven_hall_of_blades_hangedman_original
          [nicolae_blade_entry_area_security], layout_loops_cross,
          gammafunk_ghost_grave, grunt_ministairs_6
Elf:3:    minmay_elf_hall_statues, layout_rooms, uniq_aizul, uniq_saint_roka

Skill      XL: |  1  2  3  4  5  6  7  8  9 10 11 12 13 14 15 16 17 18 19 20 |
---------------+-------------------------------------------------------------+-----
Short Blades   | 1 2 3 4 5 6 7 8 9 10 11 12 13 14 | 14.1
Axes           | 1 2 3 4 5 6 7 8 9 10 11 12 13 14 | 14.1
Maces & Flails | 1 2 3 4 5 6 7 8 9 10 11 12 13 14 | 14.1
Polearms       | 1 2 3 4 5 6 7 8 9 10 11 12 13 14 | 14.1
Staves         | 1 2 3 4 5 6 7 8 9 10 11 12 13 14 | 14.1
Ranged Weapons | 1 2 3 4 5 6 7 8 9 10 11 12 13 14 | 14.1
Throwing       | 1 2 3 4 5 6 7 8 9 10 11 12 13 14 | 14.1
Armour         | 1 2 3 4 5 6 7 8 9 10 11 12 13 14 | 14.1
Shields        | 1 2 3 4 5 6 7 8 9 10 11 12 13 14 | 14.1
Unarmed Combat | 1 2 3 4 5 6 7 8 9 10 11 12 13 14 | 14.1
Spellcasting   | 1 2 3 4 5 6 7 8 9 10 11 12 13 14 | 14.1
Invocations    | 1 2 3 4 5 6 7 8 9 10 11 12 13 14 15 | 15.2
Evocations     | 1 2 3 4 5 6 7 8 9 10 11 12 13 14 | 14.1
Conjurations   | 1 2 3 4 5 6 7 8 9 10 11 | 11.9
Hexes          | 1 2 3 4 5 6 7 8 9 10 11 | 11.9
Summonings     | 1 2 3 4 5 6 7 8 9 10 11 | 11.9
Necromancy     | 1 2 3 4 5 6 7 8 9 10 11 | 11.9
Translocations | 1 2 3 4 5 6 7 8 9 10 11 | 11.9
Transmutations | 1 2 3 4 5 6 7 8 9 10 11 | 11.9
Fire Magic     | 1 2 3 4 5 6 7 8 9 10 11 | 11.9
Ice Magic      | 1 2 3 4 5 6 7 8 9 10 11 | 11.9
Air Magic      | 1 2 3 4 5 6 7 8 9 10 11 | 11.9
Earth Magic    | 1 2 3 4 5 6 7 8 9 10 11 | 11.9
Poison Magic   | 1 2 3 4 5 6 7 8 9 10 11 | 11.9
Fighting       | 7 8 9 10 11 12 13 14 15 | 15.4
Long Blades    | 7 8 9 10 11 12 13 14 15 | 15.4
Dodging        | 7 8 9 10 11 12 13 14 15 | 15.4
Stealth        | 5 6 7 8 9 10 11 12 13 14 | 14.6

Action                   |  1- 3 |  4- 6 |  7- 9 | 10-12 | 13-15 | 16-18 | 19-21 || total
-------------------------+-------+-------+-------+-------+-------+-------+-------++-------
Melee: Falchion          |    66 |    94 |   157 |       |       |       |       ||   317
       Bite              |     5 |    14 |    33 |    78 |   190 |   158 |    55 ||   533
       Punch             |       |     2 |     4 |       |       |       |       ||     6
       Trident           |       |       |   133 |   538 |   866 |   217 |       ||  1754
       Short sword       |       |       |       |       |   193 |    97 |       ||   290
       Flail             |       |       |       |       |       |  1033 |   235 ||  1268
       Demon trident     |       |       |       |       |       |       |   516 ||   516
Throw: Dart              |       |    12 |    34 |    64 |       |       |       ||   110
       Throwing net      |       |       |       |     1 |       |       |     1 ||     2
 Cast: Frozen Ramparts   |       |       |       |    12 |    44 |    40 |     6 ||   102
       Hailstorm         |       |       |       |     3 |     1 |     8 |       ||    12
       Borgnjor's Vile C |       |       |       |       |    21 |    33 |     6 ||    60
       Iskenderun's Myst |       |       |       |       |    25 |    11 |       ||    36
       Lee's Rapid Decon |       |       |       |       |     2 |    17 |       ||    19
       Manifold Assault  |       |       |       |       |       |   217 |   170 ||   387
       Fireball          |       |       |       |       |       |     4 |       ||     4
Invok: Slouch            |       |       |       |       |     2 |       |       ||     2
       Step From Time    |       |       |       |       |     1 |     1 |     6 ||     8
Evoke: Condenser vane    |       |       |       |     1 |       |       |       ||     1
  Use: Potion            |     2 |       |       |     4 |     7 |     7 |     7 ||    27
       Scroll            |       |       |    19 |    11 |     6 |    11 |     7 ||    54
 Stab: Sleeping          |     7 |     2 |    15 |    23 |    21 |    17 |     9 ||    94
       Distracted        |       |       |     1 |     1 |     5 |     2 |     7 ||    16
       Confused          |       |       |       |       |     1 |       |       ||     1
Armor: Skin              |     9 |       |       |       |       |       |       ||     9
       Robe              |     3 |     9 |       |       |       |       |       ||    12
       Leather armour    |       |       |    42 |       |       |       |       ||    42
       Steam dragon scal |       |       |     6 |    80 |    47 |       |       ||   133
       Fire dragon scale |       |       |       |       |   127 |    28 |       ||   155
       Chain mail        |       |       |       |       |       |   191 |   103 ||   294
Dodge: Dodged            |    50 |    52 |   211 |   377 |   716 |   691 |   251 ||  2348
Block: Kite shield       |       |       |    10 |   387 |   868 |   385 |       ||  1650
       Tower shield      |       |       |       |       |       |  1120 |   688 ||  1808

Table legend: (Time is in decaauts)
 A = Elapsed time spent in this place.
 B = Non-inter-level travel time spent in this place.
 C = Inter-level travel time spent in this place.
 D = Time resting spent in this place.
 E = Time spent auto-exploring this place.
 F = Levels seen in this place.
 G = Mean time per level.
                   A        B        C        D        E       F      G
               +--------+--------+--------+--------+--------+-----+--------+
         Total |  60738 |  54813 |   5925 |   3102 |  40803 |  34 | 1786.4 |
       Dungeon |  24803 |  21911 |   2892 |    583 |  18016 |  15 | 1653.5 |
        Temple |    295 |    264 |     31 |      0 |    243 |   1 |  295.0 |
          Lair |  11120 |   9635 |   1485 |    397 |   7193 |   5 | 2224.0 |
        Shoals |   8417 |   8013 |    404 |    817 |   5327 |   4 | 2104.2 |
     Snake Pit |   8189 |   7716 |    473 |    471 |   5163 |   4 | 2047.2 |
  Orcish Mines |   2785 |   2245 |    540 |    126 |   1566 |   2 | 1392.5 |
   Elven Halls |   5126 |   5030 |     96 |    708 |   3293 |   3 | 1708.7 |
               +--------+--------+--------+--------+--------+-----+--------+

Top non-repeatable levels by time:
  Lair:5: 3339 daAuts
Shoals:4: 3206 daAuts
   Elf:2: 2691 daAuts
     D:7: 2408 daAuts
 Snake:4: 2359 daAuts
 Snake:1: 2354 daAuts
   Orc:2: 2250 daAuts
  Lair:1: 2205 daAuts
  Lair:2: 2199 daAuts
   Elf:1: 2188 daAuts
    D:14: 2184 daAuts
     D:3: 2170 daAuts
     D:5: 2170 daAuts
Shoals:3: 2075 daAuts
    D:13: 2010 daAuts
